 Dungeon Crawl Stone Soup version 0.30-a0-696-g2367cd04db (webtiles) character file.

Game seed: 15557514196603108960

403 funkygono the Firebug (level 6, -17/42 HPs)
             Began as a Demonspawn Fire Elementalist on Jan 20, 2023.
             Shot with a bolt by an orc warrior (18 damage)
             ... on level 3 of the Dungeon.
             The game lasted 00:03:16 (1955 turns).

funkygono the Firebug (DsFE)                        Turns: 1955, Time: 00:03:17

Health: -17/42     AC:  2    Str:  8    XL:     6   Next: 55%
Magic:  4/12       EV: 12    Int: 19    God:
Gold:   160        SH:  0    Dex: 15    Spells: 3/13 levels left

rFire   . . .      SeeInvis .    g - +0 whip
rCold   + . .      Faith    .    (no shield)
rNeg    . . .      Spirit   .    a - +0 robe
rPois   .          Reflect  .    (no helmet)
rElec   .          Harm     .    (no cloak)
rCorr   +          Rampage  .    (no gloves)
Will    .....                    (no boots)
Stlth   +++                      (no amulet)
HPRegen 0.27/turn                n - ring of protection from cold
MPRegen 0.13/turn                p - ring of resist corrosion

@: no status effects
A: thin skeletal structure 1, foul stench 1, spiny 1
a: no special abilities


You were on level 3 of the Dungeon.
You visited 1 branch of the dungeon, and saw 3 of its levels.
You also visited: Sewer.

You collected 160 gold pieces.

Inventory:

Hand Weapons
 e - a +0 dagger
 g - a +0 whip (weapon)
 j - a +0 falchion
Armour
 a - a +0 robe (worn)
Jewellery
 n - a ring of protection from cold (left hand)
 p - a ring of resist corrosion (right hand)
Wands
 v - a wand of flame (6)
Scrolls
 d - 3 scrolls of identify {unknown}
 i - 2 scrolls of amnesia {unknown}
 k - a scroll of blinking {unknown}
 m - 2 scrolls of teleportation {unknown}
 w - a scroll of summoning {unknown}
Potions
 b - 3 potions of magic
 c - 2 potions of degeneration {unknown}
 f - 2 potions of attraction {unknown}
 h - a potion of resistance {unknown}
 l - 3 potions of heal wounds {unknown}
 o - 3 potions of lignification {unknown}
 q - 2 potions of curing {unknown}
 r - 2 potions of cancellation {unknown}
 s - a potion of mutation {unknown}
 t - a potion of ambrosia {unknown}
 u - a potion of haste


   Skills:
 + Level 0.4 Fighting
 + Level 0.5 Maces & Flails
 + Level 2.0 Dodging
 - Level 1.7 Stealth
 + Level 4.2 Spellcasting
 + Level 3.0 Conjurations
 + Level 4.5 Fire Magic


You had 3 spell levels left.
You knew the following spells:

 Your Spells              Type           Power      Damage    Failure   Level
a - Foxfire               Conj/Fire      72%        2x1d7     2%          1
b - Scorch                Fire           42%        2d7       3%          2
c - Kindle Blastsparks    Fire/Tloc/Air  18%        2d11      22%         3
d - Flame Wave            Conj/Fire      18%        2d7       28%         4

Your spell library contained the following spells:

 Spells                   Type           Power      Damage    Failure   Level
 Inner Flame              Hex/Fire       12%        N/A       16%         3
 Summon Guardian Golem    Hex/Summ       4%         N/A       38%         3
 Orb of Destruction       Conj           7%         9d6       100%        7
 Spellforged Servitor     Conj/Summ      4%         N/A       100%        7


Dungeon Overview and Level Annotations

Branches:
Dungeon (3/15)              Sewer (visited)

Altars:
Cheibriados


Innate Abilities, Weirdness & Mutations

You have a somewhat thin skeletal structure. (Dex +2, Stealth+)
You may rarely emit foul miasma when damaged in melee.
You are partially covered in sharp spines.


Message History

Confirm with . or Enter, or press ? or * to list all spells.
You conjure some foxfire!
You hear a shout!
You hear an angry hiss.
Casting: Foxfire (safe; 2% risk of failure)
Confirm with . or Enter, or press ? or * to list all spells.
You conjure some foxfire!
The foxfire hits the orc.
The orc is heavily wounded.
The foxfire hits the orc.
You kill the orc!
The orc warrior shoots a bolt.
The bolt completely misses you.
Casting: Foxfire (safe; 2% risk of failure)
Confirm with . or Enter, or press ? or * to list all spells.
You conjure some foxfire!
The foxfire hits the orc.
The orc is heavily wounded.
The foxfire hits the orc.
You kill the orc!
The foxfire hits the orc.
The orc is heavily wounded.
Casting: Foxfire (safe; 2% risk of failure)
Confirm with . or Enter, or press ? or * to list all spells.
You conjure some foxfire!
The foxfire hits the orc.
You kill the orc!
Casting: Foxfire (safe; 2% risk of failure)
Confirm with . or Enter, or press ? or * to list all spells.
You conjure some foxfire!
The foxfire hits the orc warrior but does no damage. x3
Casting: Foxfire (safe; 2% risk of failure)
Confirm with . or Enter, or press ? or * to list all spells.
You conjure some foxfire!
The orc warrior shoots a bolt.
The bolt hits you!
* * * LOW HITPOINT WARNING * * *
Casting: Foxfire (safe; 2% risk of failure)
Confirm with . or Enter, or press ? or * to list all spells.
Flames lash the orc warrior but do no damage.
The foxfire hits the orc.
The orc is heavily wounded.
The foxfire hits the orc.
You kill the orc!
The orc warrior shoots a bolt.
The bolt hits you!!
You die...

##### ###.####### #...
...##....# ##.##
#.##.##.#####8§8##.###
#....##..##...@.)o)...
##...####.##.#8§8#)....
##~.....##....##.## ...
#.~~###..##...##... .
#...........#.###.##
#≈~#........#.# .#
#≈.#........#.# ##
#≈~#........#..
#≈.#.........#.


You could see an orc warrior.

Vanquished Creatures
  Sigmund (D:2)
  A water moccasin (Sewer)
  Jessica (D:2)
  Terence (D:2)
  A gnoll (D:1)
  An adder (D:2)
  A worm (D:2)
  A dart slug (D:1)
  5 orcs
  2 ball pythons
  6 endoplasms
  3 giant cockroaches
  7 goblins
  3 hobgoblins
  6 quokkas
  3 bats
  3 frilled lizards
  3 kobolds
49 creatures vanquished.

Vanquished Creatures (others)
  178 foxfires
178 creatures vanquished.

Grand Total: 227 creatures vanquished

Notes
Turn   | Place    | Note
-------+----------+-------------------------------------------
     0 | D:1      | funkygono the Demonspawn Fire Elementalist began the quest
                  | for the Orb.
     0 | D:1      | Reached XP level 1. HP: 13/13 MP: 3/3
   190 | D:1      | Gained mutation: You may rarely emit foul miasma when
                  | damaged in melee. [demonic ancestry]
   190 | D:1      | Reached XP level 2. HP: 19/19 MP: 1/5
   193 | D:1      | Learned a level 2 spell: Scorch
   706 | D:1      | Reached XP level 3. HP: 24/24 MP: 2/6
   710 | D:1      | Learned a level 3 spell: Kindle Blastsparks
   996 | D:2      | Noticed Jessica
  1000 | D:2      | Killed Jessica
  1001 | D:2      | Gained mutation: You have a somewhat thin skeletal
                  | structure. (Dex +2, Stealth+) [demonic ancestry]
  1001 | D:2      | Reached XP level 4. HP: 30/30 MP: 0/8
  1007 | D:2      | Noticed Terence
  1101 | D:2      | Killed Terence
  1217 | D:2      | Found a snail-covered altar of Cheibriados.
  1299 | D:2      | Noticed Sigmund
  1305 | D:2      | Killed Sigmund
  1306 | D:2      | Reached XP level 5. HP: 36/36 MP: 0/10
  1306 | D:2      | Gained mutation: You are partially covered in sharp spines.
                  | [demonic ancestry]
  1306 | D:2      | Reached XP level 6. HP: 42/42 MP: 0/11
  1311 | D:2      | Learned a level 4 spell: Flame Wave
  1686 | D:3      | Found a glowing drain.
  1754 | Sewer    | Entered a sewer
  1797 | Sewer    | Noticed a water moccasin
  1807 | Sewer    | Killed a water moccasin
  1946 | D:3      | Noticed an orc warrior
  1954 | D:3      | HP: 1/42 [orc warrior/bolt (15)]
  1955 | D:3      | Shot with a bolt by an orc warrior

Illustrated notes

Levels and vault maps discovered:
D:1:      mushboom_english_gardens, layout_rooms
D:2:      layout_rooms, basic_altar, minmay_misc_feat_enclosed, uniq_jessica,
          uniq_sigmund, uniq_terence
D:3:      layout_rooms, nicolae_dithmenos_the_darkroom, gup_sewer_entry_pipe,
          gammafunk_ghost_stat_death, small_statue_intersection,
          hangedman_decor_diamond_cutter, nrook_mini_vaults

Skill      XL: |  1  2  3  4  5  6 |
---------------+-------------------+-----
Fire Magic     | 3 4 |  4.5
Spellcasting   | 3 4 |  4.2
Dodging        | 2 |  2.0
Conjurations   | 2 3 |  3.0
Fighting       | |  0.4
Maces & Flails | |  0.5
Stealth        | |  1.7

Action                   |  1- 3 |  4- 6 || total
-------------------------+-------+-------++-------
Melee: Unarmed           |     5 |       ||     5
       Whip              |     2 |    13 ||    15
 Cast: Foxfire           |    50 |    50 ||   100
       Scorch            |     1 |     7 ||     8
Dodge: Dodged            |    11 |    18 ||    29

Table legend: (Time is in decaauts)
 A = Elapsed time spent in this place.
 B = Non-inter-level travel time spent in this place.
 C = Inter-level travel time spent in this place.
 D = Time resting spent in this place.
 E = Time spent auto-exploring this place.
 F = Levels seen in this place.
 G = Mean time per level.
                   A        B        C        D        E       F      G
               +--------+--------+--------+--------+--------+-----+--------+
         Total |   1961 |   1935 |     26 |     87 |   1441 |   4 |  490.2 |
       Dungeon |   1811 |   1785 |     26 |     87 |   1319 |   3 |  603.7 |
         Sewer |    149 |    149 |      0 |      0 |    122 |   1 |  149.0 |
               +--------+--------+--------+--------+--------+-----+--------+

Top non-repeatable levels by time:
     D:1: 992 daAuts
     D:2: 639 daAuts
     D:3: 179 daAuts
   Sewer: 149 daAuts
